 Dungeon Crawl Stone Soup version 0.14-a0-2443-g5aee772 (webtiles) character file.

178 Sabsy the Charmwright (level 4, -1/22 HPs)
             Began as a Spriggan Skald on Feb 7, 2014.
             Killed from afar by an orc wizard (7 damage)
             ... with a magic dart
             ... on Level 4 of the Dungeon.
             The game lasted 00:14:39 (2910 turns).

Sabsy the Charmwright (Spriggan Skald)              Turns: 2910, Time: 00:14:40

HP  -1/22        AC  3     Str  8      XL: 4   Next:  1%
MP  12/12        EV 19     Int 13      God:
Gold 110         SH  0     Dex 16      Spells:  1 memorised,  7 levels left

rFire  + . .     SeeInvis +     a - +0 short sword
rCold  . . .     Clarity  .     i - +0 robe
rNeg   . . .     Conserve .     (shield restricted)
rPois  .         rCorr    .     (helmet restricted)
rElec  .         rRot     .     s - +0 cloak
SustAb . .       Spirit   .     (gloves unavailable)
rMut   .         Warding  .     (boots unavailable)
Saprov . . .     Stasis   .     (no amulet)
MR     .....                    p - ring of sustenance
                                h - ring of protection from fire

@: very quick, not resistant to hostile enchantments, stealthy
A: unfitting armour, see invisible, herbivore 3, speed 3, slow metabolism 2
a: no special abilities


You were on level 4 of the Dungeon.
You were not hungry.

You visited 1 branch of the dungeon, and saw 4 of its levels.

You collected 110 gold pieces.

Inventory:

Hand weapons
 a - a +0,+0 short sword (weapon)
 b - a +0,+2 sling of flame
Missiles
 j - 26 stones (quivered)
Armour
 i - a +0 robe (worn)
 s - a +0 cloak (worn)
Comestibles
 f - a bread ration
 o - an apple
 r - a choko
 v - a rambutan
Scrolls
 e - 4 scrolls of curse weapon
 g - a scroll of identify
 l - 2 scrolls of enchant weapon I
 q - a scroll of noise
 t - a scroll of immolation
 w - a scroll of recharging
Jewellery
 h - a ring of protection from fire (left hand)
 p - a ring of sustenance (right hand)
Potions
 d - a potion of porridge
 k - 4 potions of curing {unknown}
 n - a potion of heal wounds
 u - a potion of agility
Books
 c - a book of Battle

   Spells                             Type                      Level
   *Infusion                          Charms                       1
   Shroud of Golubria                 Charms/Translocation         2
   Song of Slaying                    Charms                       2
   Spectral Weapon                    Hexes/Charms                 3
   Regeneration                       Charms/Necromancy            3


   Skills:
 - Level 1.5 Fighting
 + Level 2.9 Short Blades
 + Level 3.7 Dodging
 + Level 3.1 Stealth
 - Level 2.7 Spellcasting
 - Level 4.8 Charms


You had 7 spell levels left.
You knew the following spells:

 Your Spells              Type           Power        Failure   Level  Hunger
a - Infusion              Chrm           ##....       3%          1    #......


Dungeon Overview and Level Annotations

Branches:
Dungeon (4/16)
 Temple: D:4-7

Altars:
The Shining One

Shops:
D:4 [


Innate Abilities, Weirdness & Mutations

You are tiny and cannot use many weapons and most armour.
You have supernaturally acute eyesight.
You are a herbivore.
You cover ground extremely quickly.
You need consume almost no food.


Message History

The orc wizard gestures at you while chanting.
The magic dart hits you!
The orc wizard hits you but does no damage.
You hit the orc wizard but do no damage.
The orc wizard is lightly wounded.
The orc wizard points at you and mumbles some strange words.
The magic dart hits you!
You hit the orc wizard but do no damage.
The orc wizard is lightly wounded.
The orc wizard points at you and mumbles some strange words.
The magic dart hits you!
* * * LOW HITPOINT WARNING * * *
The orc wizard hits you but does no damage.
The orc wizard mumbles some strange words.
The orc wizard blinks!
The orc wizard casts a spell at you.
You easily resist.
The orc wizard gestures at you while chanting.
The magic dart hits you!
You die...

#........#.#........o.###.######
....##...##....#.......####
##.###.....#...#..##
#...#.......#..#...#
##.#........#...#.##
##.........o.#.####
#............#.#.##
##..........#.....#
###.......@...#.##
###.#......#....###
##..........#.....##
##....#......#......###
#...%....#...##.....#.##
##.....................#
##.#..#.#.......##.#.##
#......##........#.###
##.....###...........#


You could see an orc wizard.

Vanquished Creatures
  A gnoll (D:1)
  An adder (D:3)
  An orc skeleton (D:3)
  3 giant geckos
  An orc (D:3)
  5 bats
  5 giant cockroaches
  2 hobgoblins
  5 jackals
  4 kobolds
  3 giant newts
  3 goblins
  4 rats
38 creatures vanquished.

Notes
Turn   | Place    | Note
--------------------------------------------------------------
     0 | D:1      | Sabsy, the Spriggan Skald, began the quest for the Orb.
     0 | D:1      | Reached XP level 1. HP: 10/10 MP: 4/4
   454 | D:1      | Reached XP level 2. HP: 12/14 MP: 7/7
   907 | D:1      | Reached skill level 1 in Stealth
  1426 | D:2      | Reached XP level 3. HP: 11/18 MP: 9/9
  1624 | D:2      | Found a glowing golden altar of the Shining One.
  2876 | D:4      | Reached XP level 4. HP: 20/22 MP: 12/12
  2878 | D:4      | Found Goudgh's Armour Shoppe.
  2910 | D:4      | Killed from afar by an orc wizard

Action                   |  1- 3 |  4- 6 || total
-------------------------+-------+-------++-------
Melee: Short sword       |   160 |     5 ||   165
 Fire: Sling             |     2 |       ||     2
Throw: Stone             |    22 |       ||    22
 Cast: Infusion          |     1 |       ||     1
  Use: Scroll            |     8 |       ||     8
 Stab: Sleeping          |     4 |       ||     4
       Distracted        |     1 |       ||     1
